 Dungeon Sprint DCSS version 0.22-a0-605-g9281fa2 (webtiles) character file.

35 George the Slasher (level 3, 0/34 HPs)
             Began as a Minotaur Fighter on July 8, 2018.
             Slain by a jackal (2 damage)
             ... in the Dungeon (Sprint IX: "|||||||||||||||||||||||||||||").
             The game lasted 00:00:18 (186 turns).

George the Slasher (Minotaur Fighter)                Turns: 186, Time: 00:00:19

Health: 0/34       AC:  7    Str: 21    XL:     3   Next: 17%
Magic:  2/2        EV:  8    Int:  5    God:
Gold:   0          SH:  9    Dex:  9    Spells: 2/2 levels left

rFire    . . .     SeeInvis .   a - +0 long sword
rCold    . . .     Gourm    .   c - +0 shield
rNeg     . . .     Faith    .   b - +0 scale mail
rPois    .         Spirit   .   (helmet restricted)
rElec    .         Reflect  .   (no cloak)
rCorr    .         Harm     .   (no gloves)
MR       .....     NoTele   +   (no boots)
Stlth    ..........             (no amulet)
HPRegen  0.11/turn              (no ring)
MPRegen  0.08/turn              (no ring)

@: no status effects
A: retaliatory headbutt, horns 2
a: no special abilities


You were in the Dungeon.
You were not hungry.

You visited 1 branch

Inventory:

Hand Weapons
 a - a +0 long sword (weapon)
Armour
 b - a +0 scale mail (worn)
 c - a +0 shield (worn)
Scrolls
 k - a scroll of blinking
Potions
 d - a potion of might
 e - a potion of curing
 g - a potion of heal wounds
 h - a potion of haste
 i - 2 potions of magic
 j - a potion of berserk rage
Comestibles
 f - a ration


   Skills:
 + Level 4.7 Fighting
 * Level 5.0 Long Blades
 + Level 4.7 Armour
 + Level 2.5 Dodging
 + Level 4.7 Shields


You had 2 spell levels left.
You didn't know any spells.
Your spell library was empty.

Dungeon Overview and Level Annotations

Branches:
Dungeon (1/1)

Altars:


Innate Abilities, Weirdness & Mutations

You reflexively headbutt those who attack you in melee.
You have a pair of horns on your head.


Message History

The hound barely misses you.
You riposte.
You closely miss the hound.
The hound is moderately wounded.
The hound bites you.
* * * LOW HITPOINT WARNING * * *
You slash the hound!
The hound is almost dead.
The hound bites you but does no damage.
The jackal stops to sniff the ground.
You block the hound's attack.
You slash the hound!
You kill the hound!
Your Long Blades skill gained 2 levels and is now at level 5!
Your Dodging skill increases to level 2!
You have reached level 2!
You have reached level 3!
Your experience leads to an increase in your attributes!
Increase (S)trength, (I)ntelligence, or (D)exterity?
You feel stronger. The jackal bites you.
You die...

▓+▓
▓5▓
▓.▓
▓S▓
▓s▓
▓h▓
▓@▓
▓.▓
▓.▓
▓.▓
▓.▓
▓.▓
▓)▓
▓.▓
▓.▓


You could see a crimson imp, an adder, a jackal and a giant cockroach.

Vanquished Creatures
  A hound (D)
  A goblin (D)
  2 hobgoblins (D)
  A kobold (D)
  A frilled lizard (D)
6 creatures vanquished.

Notes
Turn   | Place    | Note
-------+----------+-------------------------------------------
     0 | D        | George the Minotaur Fighter began the quest for the Orb.
     0 | D        | Reached XP level 1. HP: 19/19 MP: 0/0
    16 | D        | Reached skill level 3 in Long Blades
    17 | D        | Reached skill level 1 in Dodging
   157 | D        | Noticed a hound
   157 | D        | Noticed a crimson imp
   184 | D        | HP: 1/20 [hound (2)]
   186 | D        | Killed a hound
   186 | D        | Reached skill level 5 in Long Blades
   186 | D        | Reached XP level 2. HP: 2/28 MP: 1/1
   186 | D        | Reached XP level 3. HP: 2/34 MP: 2/2
   186 | D        | Slain by a jackal

Vault maps used:
D:        linesprint

Skill      XL: |  1 |
---------------+----+-----
Long Blades    | 5 |  5.0
Dodging        | 2 |  2.5
Armour         | 4 |  4.7
Shields        | 4 |  4.7
Fighting       | 4 |  4.7

Action                   || total
-------------------------++-------
Melee: Long sword        ||    44
       Headbutt          ||     4
Armor: Scale mail        ||    17
Dodge: Dodged            ||    13
Block: Shield            ||    18
       Rpst.: Long sword ||     5

Table legend:
 A = Spawn XP
 B = Non-spawn XP
 C = Spawn XP percentage of total XP
 D = Spawn monster count
 E = Non-spawn monster count
 F = Spawn count percentage of total count
 G = Total turns spent on level
                    A         B        C        D         E        F      G
               +---------+---------+-------+---------+---------+-------+---------
         Total |       0 |      51 |   0.0 |       0 |       6 |   0.0 |   186
               +---------+---------+-------+---------+---------+-------+---------
             D |       0 |      51 |   0.0 |       0 |       6 |   0.0 |   186
               +---------+---------+-------+---------+---------+-------+---------
